cohdb
Replays
Latest Replays
All Replays
Popular Replays
Top Player Replays
Match Explorer
How It Works
Community
CoH3 Stats
Reddit
Sign in to upload your games and track your stats! →
Sign in with Steam
Match 37451851
Unlisted
Match 37451851
Overview
Messages
Build Orders
End
Royal Engineer Section
Construct Section Command Post
Royal Engineer Section
Royal Engineer Section
Infantry Section
Construct Platoon Command Post
Humber Armored Car
Infantry Section
Construct Field Infirmary
Selects Heavy Armor Battlegroup
Selects Engineer Detachments
Infantry Training
Infantry Section
Selects Crusader AA Medium Tank
Crusader AA Medium Tank
Depp
REGULATOR
0
0
Comments
sign in to comment!
No comments posted yet!